 Dungeon Crawl Stone Soup version 0.31-a0-1074-g0b22e4e0f1 (webtiles) character file.

Game seed: 12271734379630034545

80 BigPumpCobain the Ruffian (level 4, 0/35 HPs)
             Began as a Draconian Shapeshifter on Dec 3, 2023.
             Slain by a gnoll
             ... wielding a +0 flail
              (5 damage)
             ... on level 2 of the Dungeon.
             The game lasted 00:03:28 (1105 turns).

BigPumpCobain the Ruffian (Draconian Shapeshifter)  Turns: 1105, Time: 00:03:28

Health: 0/35       AC:  5    Str: 18    XL:     4   Next: 18%
Magic:  4/4        EV: 12    Int: 11    God:
Gold:   50         SH:  0    Dex: 10    Spells: 3/3 levels left

rFire   . .          .
                       - Unarmed
rCold   . . .        (no shield)
rNeg    . . .        (body armour unavailable)
rPois   .            (helmet currently unavailable)
rElec   .            (cloak currently unavailable)
rCorr   .            (gloves currently unavailable)
SInv    .            (boots currently unavailable)
Will    .....        d - amulet of regeneration
Stlth   +            (no ring)
HPRegen 1.05/turn    (no ring)
MPRegen 0.09/turn

%: no passive effects
@: beast-form
A: beast (slay +1), AC +5, unfitting armour, cold-blooded
a: Begin Untransformation


You were on level 2 of the Dungeon.
You were a hulking beast.
You visited 1 branch of the dungeon, and saw 2 of its levels.

You collected 50 gold pieces.

Inventory:

Jewellery
 d - an amulet of regeneration (around neck)
Talismans
 b - a beast talisman
 c - a flux talisman
Wands
 k - a wand of digging (5)
Scrolls
 e - a scroll of amnesia
 f - 2 scrolls of enchant weapon
 h - 2 scrolls of poison
 l - a scroll of blinking {unknown}
Potions
 a - a potion of lignification
 g - a potion of magic {unknown}
 i - a potion of attraction {unknown}
 j - a potion of curing {unknown}


   Skills:
 - Level 1.1 Fighting
 - Level 1.7 Dodging
 + Level 5.1 Unarmed Combat
 - Level 3.0 Shapeshifting


You had 3 spell levels left.
You didn't know any spells.
Your spell library was empty.

Dungeon Overview and Level Annotations

Branches:
Dungeon (2/15)

Altars:


Innate Abilities, Weirdness & Mutations

You are a hulking beast.
Your limbs bulge with bestial killing power. (Slay +1)
Your plain brown scales are hard. (AC +5)
You cannot fit into any form of body armour.
You are cold-blooded and may be slowed by cold attacks.


Message History

The gnoll hits you with a +0 spear. The hobgoblin barely misses you.
The hobgoblin attacks as it pursues you!
The hobgoblin barely misses you.
You punch the hobgoblin!
You kill the hobgoblin!
The gnoll throws a throwing net.
The throwing net hits you.
You become entangled in the net!
You struggle against the net.
The gnoll hits you but does no damage. The gnoll hits you with a +0 flail.
You struggle against the net.
The gnoll closely misses you. The gnoll hits you with a +0 flail.
You struggle against the net.
The gnoll barely misses you. The gnoll hits you but does no damage.
You struggle against the net.
The gnoll hits you from afar with a +0 spear.
You struggle against the net.
The gnoll hits you from afar with a +0 spear.
You rip the net and break free!
The gnoll hits you from afar with a +0 spear.
The gnoll barely misses you.
You barely miss the gnoll.
The gnoll is severely wounded.
The gnoll barely misses you. x2
You hit the gnoll.
You kill the gnoll!
The gnoll hits you from afar with a +0 spear.
* * * LOW HITPOINT WARNING * * *
Your Unarmed Combat skill increases to level 5!
You hit the endoplasm.
The endoplasm is heavily wounded.
The endoplasm closely misses you.
The gnoll hits you from afar with a +0 spear.
* * * LOW HITPOINT WARNING * * *
You hit the endoplasm.
You kill the endoplasm!
The gnoll hits you from afar with a +0 spear.
* * * LOW HITPOINT WARNING * * *
You barely miss the gnoll. The gnoll misses you. The gnoll barely misses you.
The gnoll attacks as it pursues you! The gnoll hits you with a +0 flail.
You die...

..##.#.## ...#.... ......#
#..... #. #.....
._..#...######.
.....#).g.....(
........###############
.....#.g)gh..........>#####
... ##.#####.#####.......#
# ...# #.# #.......# .....#
#.# #.......# ....#### #.#
#.......# .... #.#
#.......# # ### ### #.#
#.......# # ##.## #.#
##[......# # ##...## #.#
#....#####


You could see 2 gnolls.

Vanquished Creatures
  2 gnolls (D:2)
  8 endoplasms
  A giant cockroach (D:1)
  3 goblins (D:1)
  5 hobgoblins
  2 jackals (D:2)
  6 kobolds
  3 quokkas
  7 ball pythons
  8 bats
  3 frilled lizards
  11 rats
59 creatures vanquished.

Notes
Turn   | Place    | Note
-------+----------+-------------------------------------------
     0 | D:1      | BigPumpCobain the Draconian Shapeshifter began the quest
                  | for the Orb.
     0 | D:1      | Reached XP level 1. HP: 16/16 MP: 1/1
   110 | D:1      | Reached XP level 2. HP: 23/23 MP: 2/2
   325 | D:1      | Reached skill level 4 in Unarmed Combat
   422 | D:1      | Reached XP level 3. HP: 25/28 MP: 3/3
  1080 | D:2      | Found a faded altar of an unknown god.
  1084 | D:2      | Reached XP level 4. HP: 31/35 MP: 4/4
  1102 | D:2      | Reached skill level 5 in Unarmed Combat
  1105 | D:2      | Slain by a gnoll

Illustrated notes

Levels and vault maps discovered:
D:1:      lemuel_arrival_room, layout_basic
D:2:      minmay_alternating_diamond, layout_basic,
          hellmonk_ecumenical_altar_blasted, lexackson_kobold_supper

Skill      XL: |  1  2  3  4 |
---------------+-------------+-----
Unarmed Combat | 4 5 |  5.1
Fighting       | |  1.1
Dodging        | |  1.7
Shapeshifting  | |  3.0

Action                     |  1- 3 |  4- 6 || total
---------------------------+-------+-------++-------
  Melee: Unarmed           |   106 |    13 ||   119
         Tailslap          |     9 |     1 ||    10
         Punch             |     1 |       ||     1
    Use: Scroll            |     3 |       ||     3
   Stab: Sleeping          |     2 |       ||     2
 Armour: Skin              |    47 |    17 ||    64
  Dodge: Dodged            |    65 |    17 ||    82

Table legend: (Time is in decaauts)
 A = Elapsed time spent in this place.
 B = Non-inter-level travel time spent in this place.
 C = Inter-level travel time spent in this place.
 D = Time resting spent in this place.
 E = Time spent auto-exploring this place.
 F = Levels seen in this place.
 G = Mean time per level.
                   A        B        C        D        E       F      G
               +--------+--------+--------+--------+--------+-----+--------+
         Total |   1098 |   1089 |      9 |      0 |    827 |   2 |  549.0 |
       Dungeon |   1098 |   1089 |      9 |      0 |    827 |   2 |  549.0 |
               +--------+--------+--------+--------+--------+-----+--------+

Top non-repeatable levels by time:
     D:1: 572 daAuts
     D:2: 525 daAuts
